 Dungeon Crawl Stone Soup version 0.22.0-6-g71bd7aa (webtiles) character file.

179 Lauz the Slasher (level 5, -2/70 HPs)
             Began as a Minotaur Berserker on Aug 14, 2018.
             Was a Priest of Trog.
             Slain by an orc wizard
             ... wielding a +2 dagger of holy wrath
              (7 damage)
             ... on level 4 of the Dungeon.
             The game lasted 00:04:38 (2289 turns).

Lauz the Slasher (Minotaur Berserker)               Turns: 2289, Time: 00:04:38

Health: -2/70      AC:  3    Str: 27    XL:     5   Next: 33%
Magic:  4/4        EV: 12    Int:  4    God:    Trog [***...]
Gold:   102        SH:  0    Dex: 10    Spells: 4/4 levels left

rFire    . . .     SeeInvis .   p - +0 long sword
rCold    . . .     Gourm    .   (no shield)
rNeg     . . .     Faith    .   b - +0 animal skin
rPois    .         Spirit   .   (helmet restricted)
rElec    .         Reflect  .   (no cloak)
rCorr    .         Harm     .   (no gloves)
MR       .....                  o - +0 pair of boots (curse)
Stlth    ..........             (no amulet)
HPRegen  0.21/turn              (no ring)
MPRegen  0.09/turn              (no ring)

@: berserking, very quick
A: retaliatory headbutt, horns 2
a: Berserk, Trog's Hand, Renounce Religion


You were on level 4 of the Dungeon.
You worshipped Trog.
Trog was most pleased with you.
You were very hungry.

You visited 1 branch of the dungeon, and saw 4 of its levels.

You collected 102 gold pieces.

Inventory:

Hand Weapons
 a - a +0 falchion
 p - a +0 long sword (weapon)
Armour
 b - a +0 animal skin (worn)
 o - a cursed +0 pair of boots (worn)
Jewellery
 d - a +3 amulet of reflection {unknown}
 g - a +3 ring of strength {unknown}
Wands
 l - a wand of iceblast (8)
Scrolls
 e - 5 scrolls of remove curse {unknown}
 f - 3 scrolls of identify {unknown}
 h - 6 scrolls of teleportation {unknown}
 i - a scroll of fear {unknown}
 n - a scroll of immolation {unknown}
Potions
 j - a potion of cancellation {unknown}
 k - a potion of flight {unknown}
 m - a potion of curing {unknown}
Comestibles
 c - 7 rations


   Skills:
 + Level 4.5 Fighting
 * Level 6.5 Long Blades
 * Level 3.0 Armour
 - Level 2.1 Dodging
 + Level 0.2 Stealth


You had 4 spell levels left.
You didn't know any spells.
Your spell library was empty.

Dungeon Overview and Level Annotations

Branches:
Dungeon (4/15)
 Temple: D:4-7

Altars:
Ashenzari
Elyvilon
Gozag
Uskayaw
Xom
Yredelemnul

Shops:
D:4 !


Innate Abilities, Weirdness & Mutations

You reflexively headbutt those who attack you in melee.
You have a pair of horns on your head.


Message History

The orc wizard gestures wildly while chanting.
The orc wizard flickers and vanishes!
Deactivating autopickup; reactivate with Ctrl-A.
You closely miss something.
The orc priest invokes the aid of Beogh against you.
Beogh smites you!
* * * LOW HITPOINT WARNING * * *
Something hits you but does no damage.
A red film seems to cover your vision as you go berserk!
You feel yourself moving faster!
You feel mighty!
You are feeling very hungry.
Something hits you.
* * * LOW HITPOINT WARNING * * *
You closely miss something.
You hear some strange, mumbled words.
A puff of flame appears from out of thin air!
The puff of flame hits you!
* * * LOW HITPOINT WARNING * * *
You closely miss something. Something hits you!
You die...

###### #.# #.####
#.# #.# #.# #.#
###.########.#
#..........#.#
#.#.######.#'######
#.#.## #........#
#....# #........##
###@.# ##...≈≈≈..#
#...o{).#
#<..≈≈≈≈≈.#
######.##
#...≈≈∩...#
#.######...≈≈≈≈≈##
............≈≈≈.#
#.#######.......#
#.# #.......# #.#
#.......# #.......#


You could see an orc priest.

Vanquished Creatures
  An orc wizard (D:4)
  A worker ant (D:3)
  4 adders
  2 oozes (D:2)
  An adder skeleton (D:4)
  3 worms (D:2)
  2 dart slugs
  3 leopard geckos
  2 orcs
  2 ball pythons
  4 giant cockroaches
  6 goblins
  9 hobgoblins
  5 jackals
  7 bats
  4 frilled lizards
  5 kobolds
  5 rats
66 creatures vanquished.

Notes
Turn   | Place    | Note
-------+----------+-------------------------------------------
     0 | D:1      | Lauz the Minotaur Berserker began the quest for the Orb.
     0 | D:1      | Reached XP level 1. HP: 19/19 MP: 0/0
    49 | D:1      | Reached skill level 4 in Long Blades
    60 | D:1      | Reached XP level 2. HP: 17/27 MP: 1/1
   692 | D:2      | Found a hide-covered altar of Uskayaw.
   697 | D:2      | Reached ** piety under Trog
   718 | D:2      | Reached XP level 3. HP: 26/33 MP: 2/2
   913 | D:2      | Found a basalt altar of Yredelemnul.
   926 | D:2      | Found a shimmering altar of Xom.
  1031 | D:2      | Reached skill level 5 in Long Blades
  1163 | D:2      | Reached XP level 4. HP: 26/41 MP: 3/3
  1449 | D:2      | Found a white marble altar of Elyvilon.
  1736 | D:3      | Reached skill level 6 in Long Blades
  1868 | D:3      | Found an opulent altar of Gozag.
  1892 | D:3      | Reached XP level 5. HP: 32/47 MP: 4/4
  1974 | D:3      | Found a shattered altar of Ashenzari.
  2235 | D:4      | Found Lonwyilu's Distillery.
  2282 | D:4      | Reached *** piety under Trog
  2289 | D:4      | Slain by an orc wizard

Skill      XL: |  1  2  3  4 |
---------------+-------------+-----
Long Blades    | 4 5 6 |  6.5
Fighting       | 4 |  4.5
Armour         | 3 |  3.0
Dodging        | |  2.1
Stealth        | |  0.2

Action                   |  1- 3 |  4- 6 || total
-------------------------+-------+-------++-------
Melee: Falchion          |    90 |    23 ||   113
       Headbutt          |    16 |     7 ||    23
       Long sword        |       |    25 ||    25
Invok: Berserk           |       |     1 ||     1
  Eat: Chunk             |     1 |     3 ||     4
Armor: Animal skin       |    23 |     6 ||    29
Dodge: Dodged            |    51 |    33 ||    84
       Rpst.: Falchion   |     9 |     8 ||    17
       Long sword        |       |     4 ||     4
